3L
GREENVILLE 84S @ MONTANA PANDAS
07/17/2034
 
TOP OF THE 1ST
Greenville 84s batting - Pitching for Montana Pandas : LHP George Eisenhauer
Pitching: LHP George Eisenhauer
Batting: LHB Craig Morgan 0-0: Ball
1-0: Called Strike
1-1: Ball
2-1: Swinging Strike
2-2: Strikes out looking
Batting: LHB Danny Trautmann 0-0: Ball
1-0: Fly out, F9 (Flyball, 9D)
Batting: RHB Edgar Baeza 0-0: Called Strike
0-1: Ball
1-1: Foul Ball, location: 2F
1-2: SINGLE (Groundball, 34D)
Batting: RHB Doug Allerdale 0-0: Fly out, F9 (Flyball, 89S)
Top of the 1st over - 0 runs, 1 hit, 0 errors, 1 left on base; Greenville 0 - Montana 0
BOTTOM OF THE 1ST
Montana Pandas batting - Pitching for Greenville 84s : RHP Júlio Valenzuela
Pitching: RHP Júlio Valenzuela
Batting: RHB Juanito González 0-0: Ball
1-0: Ball
2-0: Called Strike
2-1: Ground out 1-3 (Groundball, 15S)
Batting: RHB Juan Jose Ayala 0-0: Called Strike
0-1: Fly out, F8 (Line Drive, 78D)
Batting: LHB Mo-ruo Teoh 0-0: Ball
1-0: SINGLE (Groundball, 4MD)
Batting: LHB Dewitt Hopper 0-0: Ball
Mo-ruo Teoh is caught stealing 2nd base
Bottom of the 1st over - 0 runs, 1 hit, 0 errors, 0 left on base; Greenville 0 - Montana 0
TOP OF THE 2ND
Greenville 84s batting - Pitching for Montana Pandas : LHP George Eisenhauer
Batting: LHB Kanko Umaba 0-0: Foul Ball, location: 2F
0-1: Ball
1-1: Ball
2-1: Foul Ball, location: 2F
2-2: Ball
3-2: Base on Balls
Batting: RHB Vito Middendorf 0-0: Called Strike
0-1: Ball
1-1: Ball
2-1: Foul Ball, location: 2F
2-2: Strikes out looking
Batting: LHB Tim Stinson 0-0: Called Strike
0-1: Swinging Strike
0-2: Ball
1-2: Grounds into double play, 6-4-3 (Groundball, 6)
Top of the 2nd over - 0 runs, 0 hits, 0 errors, 0 left on base; Greenville 0 - Montana 0
BOTTOM OF THE 2ND
Montana Pandas batting - Pitching for Greenville 84s : RHP Júlio Valenzuela
Batting: LHB Dewitt Hopper 0-0: Called Strike
0-1: Ball
1-1: Fly out, F8 (Flyball, 8RM)
Batting: LHB José Corona 0-0: Called Strike
0-1: Foul Ball, location: 2F
0-2: Strikes out swinging
Batting: LHB Mysterious Walker 0-0: Called Strike
0-1: Foul Ball, location: 2F
0-2: Ground out 4-3 (Groundball, 4S)
Bottom of the 2nd over - 0 runs, 0 hits, 0 errors, 0 left on base; Greenville 0 - Montana 0
TOP OF THE 3RD
Greenville 84s batting - Pitching for Montana Pandas : LHP George Eisenhauer
Batting: RHB Yasuhide Nakashima 0-0: Ball
1-0: Ground out 4-3 (Groundball, 4)
Batting: RHB Scott Dourque 0-0: SINGLE (Line Drive, 7LS)
Batting: LHB Craig Morgan 0-0: Called Strike
0-1: Foul Ball, location: 2F
0-2: Strikes out looking
Batting: LHB Danny Trautmann 0-0: Ball
1-0: Foul Ball, location: 2F
1-1: Ball
2-1: Ground out 4-3 (Groundball, 34)
Top of the 3rd over - 0 runs, 1 hit, 0 errors, 1 left on base; Greenville 0 - Montana 0
BOTTOM OF THE 3RD
Montana Pandas batting - Pitching for Greenville 84s : RHP Júlio Valenzuela
Batting: RHB Gabriel Maldonado 0-0: Ball
1-0: Ball
2-0: Called Strike
2-1: Foul Ball, location: 2F
2-2: Fly out, F7 (Flyball, 7D)
Batting: LHB César Gómes 0-0: Ball
1-0: Called Strike
1-1: Swinging Strike
1-2: Foul Ball, location: 2F
1-2: Ball
2-2: Strikes out swinging
Batting: SHB Tsing Guao 0-0: Called Strike
0-1: Ground out 6-3 (Groundball, 6)
Bottom of the 3rd over - 0 runs, 0 hits, 0 errors, 0 left on base; Greenville 0 - Montana 0
TOP OF THE 4TH
Greenville 84s batting - Pitching for Montana Pandas : LHP George Eisenhauer
Batting: RHB Edgar Baeza 0-0: Ball
1-0: Ball
2-0: Ball
3-0: Base on Balls
Batting: RHB Doug Allerdale 0-0: Ball
1-0: Foul Ball, location: 2F
1-1: Ball
2-1: Ball
3-1: Base on Balls
Edgar Baeza to second
Batting: LHB Kanko Umaba 0-0: Ball
1-0: Ball
2-0: Ball
3-0: Base on Balls
Edgar Baeza to third
Doug Allerdale to second
Batting: RHB Vito Middendorf 0-0: Called Strike
0-1: Ball
1-1: Foul Ball, location: 2F
1-2: Strikes out looking
Batting: LHB Tim Stinson 0-0: Ball
1-0: Foul Ball, location: 2F
1-1: Ball
2-1: SINGLE (Groundball, 4D)
Edgar Baeza scores
Doug Allerdale to third
Kanko Umaba to second
Batting: RHB Yasuhide Nakashima 0-0: Ball
1-0: Swinging Strike
1-1: Ball
2-1: Grounds into double play, U5-3 (Groundball, 5L)
Top of the 4th over - 1 run, 1 hit, 0 errors, 2 left on base; Greenville 1 - Montana 0
BOTTOM OF THE 4TH
Montana Pandas batting - Pitching for Greenville 84s : RHP Júlio Valenzuela
Batting: RHB Juanito González 0-0: Ball
1-0: Ball
2-0: Called Strike
2-1: Foul Ball, location: 2F
2-2: Foul Ball, location: 2F
2-2: Foul Ball, location: 2F
2-2: SINGLE (Line Drive, 34)
Batting: RHB Juan Jose Ayala 0-0: Called Strike
Juanito González steals 2nd base
0-1: Swinging Strike
0-2: Ball
1-2: Strikes out swinging
Batting: LHB Mo-ruo Teoh 0-0: Swinging Strike
0-1: Swinging Strike
0-2: Ball
1-2: Strikes out swinging
Batting: LHB Dewitt Hopper 0-0: Ball
1-0: Ball
2-0: Ground out 6-3 (Groundball, 6S)
Bottom of the 4th over - 0 runs, 1 hit, 0 errors, 1 left on base; Greenville 1 - Montana 0
TOP OF THE 5TH
Greenville 84s batting - Pitching for Montana Pandas : LHP George Eisenhauer
Pitching: LHP Dan Crowder
Batting: RHB Scott Dourque 0-0: Ball
1-0: Called Strike
1-1: Foul Ball, location: 2F
1-2: Foul Ball, location: 2F
1-2: Foul Ball, location: 2F
1-2: Foul Ball, location: 2F
1-2: Ball
2-2: Foul Ball, location: 2F
2-2: Ball
3-2: SINGLE (Groundball, 34D)
Batting: LHB Craig Morgan 0-0: Ball
1-0: Called Strike
1-1: Swinging Strike
1-2: Ball
2-2: Ball
3-2: Strikes out swinging
Batting: LHB Danny Trautmann 0-0: Ball
1-0: Called Strike
1-1: Called Strike
1-2: Ball
2-2: SINGLE (Groundball, 5D)
Scott Dourque to second
Runner from 2nd tries for 3rd, SAFE, no throw
Batting: RHB Edgar Baeza 0-0: Foul Ball, location: 2F
0-1: Swinging Strike
0-2: Ball
1-2: Strikes out looking
Batting: RHB Doug Allerdale 0-0: Ball
1-0: Ball
2-0: Called Strike
2-1: Ball
3-1: 3-RUN HOME RUN (Flyball, 7D), Distance : 372 ft
Batting: LHB Kanko Umaba 0-0: Ball
1-0: Ball
2-0: Ball
3-0: Base on Balls
Batting: RHB Vito Middendorf 0-0: Called Strike
0-1: Swinging Strike
0-2: Ball
1-2: Strikes out swinging
Top of the 5th over - 3 runs, 3 hits, 0 errors, 1 left on base; Greenville 4 - Montana 0
BOTTOM OF THE 5TH
Montana Pandas batting - Pitching for Greenville 84s : RHP Júlio Valenzuela
Batting: LHB José Corona 0-0: Ball
1-0: Ground out 4-3 (Groundball, 4D)
Batting: LHB Mysterious Walker 0-0: Ball
1-0: Called Strike
1-1: Fly out, F4 (Line Drive, 4)
Batting: RHB Gabriel Maldonado 0-0: Ball
1-0: DOUBLE (Groundball, 5L)
Batting: LHB César Gómes 0-0: Ball
1-0: SINGLE (Groundball, 4S) (infield hit)
Gabriel Maldonado to third
Batting: SHB Tsing Guao 0-0: Called Strike
0-1: Foul Ball, location: 2F
0-2: Foul Ball, location: 2F
0-2: Foul Ball, location: 2F
0-2: Foul Ball, location: 2F
0-2: Ball
1-2: Ball
2-2: Fly out, F9 (Flyball, 9LSF)
Bottom of the 5th over - 0 runs, 2 hits, 0 errors, 2 left on base; Greenville 4 - Montana 0
TOP OF THE 6TH
Greenville 84s batting - Pitching for Montana Pandas : LHP Dan Crowder
Pitching: LHP Travis Grant
Batting: LHB Tim Stinson 0-0: Foul Ball, location: 2F
0-1: Foul Ball, location: 2F
0-2: Ball
1-2: Foul Ball, location: 2F
1-2: Foul Ball, location: 2F
1-2: SOLO HOME RUN (Flyball, 9LD), Distance : 334 ft
Batting: RHB Yasuhide Nakashima 0-0: Called Strike
0-1: Called Strike
0-2: Ball
1-2: DOUBLE (Line Drive, 9LM)
Batting: RHB Scott Dourque 0-0: Called Strike
0-1: Ball
1-1: Foul Ball, location: 2F
1-2: SINGLE (Groundball, 56S) (infield hit)
Yasuhide Nakashima to third
Batting: LHB Craig Morgan 0-0: Called Strike
0-1: Ball
1-1: Ball
2-1: Ball
3-1: Called Strike
3-2: Fly out, F9 (Flyball, 9D)
Runner from 3rd tags up, SCORES, no throw
Batting: LHB Danny Trautmann 0-0: Foul Ball, location: 2F
0-1: Ball
1-1: Grounds into double play, 4-6-3 (Groundball, 4)
Top of the 6th over - 2 runs, 3 hits, 0 errors, 0 left on base; Greenville 6 - Montana 0
BOTTOM OF THE 6TH
Montana Pandas batting - Pitching for Greenville 84s : RHP Júlio Valenzuela
Batting: RHB Juanito González 0-0: Called Strike
0-1: Ball
1-1: Ball
2-1: Foul Ball, location: 2F
2-2: Ground out 6-3 (Groundball, 6)
Batting: RHB Juan Jose Ayala 0-0: Ball
1-0: Ground out 4-3 (Groundball, 4MD)
Batting: LHB Mo-ruo Teoh 0-0: Ball
1-0: Ground out 4-3 (Groundball, 4M)
Bottom of the 6th over - 0 runs, 0 hits, 0 errors, 0 left on base; Greenville 6 - Montana 0
TOP OF THE 7TH
Greenville 84s batting - Pitching for Montana Pandas : LHP Travis Grant
Batting: RHB Edgar Baeza 0-0: Ball
1-0: Fly out, F8 (Flyball, 78D)
Batting: RHB Doug Allerdale 0-0: Called Strike
0-1: Foul Ball, location: 2F
0-2: Ball
1-2: Ball
2-2: Ball
3-2: SINGLE (Line Drive, 4M)
Batting: LHB Kanko Umaba 0-0: Called Strike
0-1: Called Strike
0-2: Fielders Choice at 2nd, 4-6 (Groundball, 34)
Batting: RHB Vito Middendorf 0-0: Ball
1-0: Swinging Strike
1-1: Ball
2-1: Called Strike
2-2: Strikes out looking
Top of the 7th over - 0 runs, 1 hit, 0 errors, 1 left on base; Greenville 6 - Montana 0
BOTTOM OF THE 7TH
Montana Pandas batting - Pitching for Greenville 84s : RHP Júlio Valenzuela
Batting: LHB Dewitt Hopper 0-0: Ball
1-0: Called Strike
1-1: Ball
2-1: DOUBLE (Line Drive, 9LD)
Batting: LHB José Corona 0-0: Foul Ball, location: 2F
0-1: SINGLE (Groundball, 5) (infield hit)
Dewitt Hopper to third
Pitching: LHP Kanakanui Lokomaikainani
Batting: LHB Mysterious Walker 0-0: Ball
1-0: Ball
2-0: Foul Ball, location: 2F
2-1: Foul Ball, location: 2F
2-2: Foul Ball, location: 2F
2-2: Strikes out swinging
Batting: RHB Gabriel Maldonado 0-0: Foul Ball, location: 2F
0-1: Ball
1-1: Foul Ball, location: 2F
1-2: Ball
2-2: Foul Ball, location: 2F
2-2: Ball
3-2: SINGLE (Groundball, 56D)
Dewitt Hopper scores
José Corona to second
Batting: LHB César Gómes 0-0: Ball
1-0: Ball
2-0: Ball
3-0: Base on Balls
José Corona to third
Gabriel Maldonado to second
Batting: SHB Tsing Guao 0-0: Called Strike
0-1: Swinging Strike
0-2: Foul Ball, location: 2F
0-2: Ball
1-2: Ball
2-2: Foul Ball, location: 2F
2-2: Foul Ball, location: 2F
2-2: Ball
3-2: Fly out, F8 (Flyball, 78S)
Runner from 3rd tags up, SCORES, no throw
Batting: RHB Juanito González 0-0: Called Strike
0-1: Called Strike
0-2: Ball
1-2: Ball
2-2: SINGLE (Groundball, 34D)
Gabriel Maldonado to third
César Gómes to second
Runner from 3rd tries for Home, SAFE, no throw
Batting: RHB Juan Jose Ayala 0-0: DOUBLE (Line Drive, 7LD)
César Gómes scores
Juanito González to third
Runner from 3rd tries for Home, SAFE, no throw
Pitching: RHP Andy Brogan
Pinch Hitting: LHB Count Dante 0-0: Ball
1-0: Ground out 4-3 (Groundball, 4M)
Bottom of the 7th over - 5 runs, 5 hits, 0 errors, 1 left on base; Greenville 6 - Montana 5
TOP OF THE 8TH
Greenville 84s batting - Pitching for Montana Pandas : LHP Travis Grant
Pitching: RHP Ieyoshi Asai
Now in RF: Count Dante
Batting: LHB Tim Stinson 0-0: Called Strike
0-1: Ball
1-1: Ball
2-1: Swinging Strike
2-2: Strikes out swinging
Batting: RHB Yasuhide Nakashima 0-0: Called Strike
0-1: Ball
1-1: Swinging Strike
1-2: Strikes out swinging
Batting: RHB Scott Dourque 0-0: Called Strike
0-1: Ball
1-1: SINGLE (Groundball, 56) (infield hit)
Batting: LHB Craig Morgan 0-0: Called Strike
Scott Dourque steals 2nd base
0-1: Foul Ball, location: 2F
0-2: Ball
1-2: Foul Ball, location: 2F
1-2: Ball
2-2: Ball
3-2: SINGLE (Groundball, 3D)
Scott Dourque to third
Scott Dourque scores
Batting: LHB Danny Trautmann 0-0: Called Strike
0-1: Swinging Strike
0-2: Ball
1-2: Foul Ball, location: 2F
1-2: Foul Ball, location: 2F
1-2: Strikes out looking
Top of the 8th over - 1 run, 2 hits, 0 errors, 1 left on base; Greenville 7 - Montana 5
BOTTOM OF THE 8TH
Montana Pandas batting - Pitching for Greenville 84s : RHP Andy Brogan
Batting: LHB Dewitt Hopper 0-0: Ball
1-0: DOUBLE (Line Drive, 9LM)
Batting: LHB José Corona 0-0: Ball
1-0: Ball
2-0: Ball
3-0: Called Strike
3-1: Base on Balls
Pitching: LHP Frenk Norman
Pinch Hitting: RHB Mario Castillo 0-0: Foul Ball, location: 2F
0-1: Ball
1-1: Swinging Strike
1-2: Foul Ball, location: 2F
1-2: Foul Ball, location: 2F
1-2: Fly out, F7 (Flyball, 7LS)
Pitching: RHP Valentín Montenegro
Batting: RHB Gabriel Maldonado 0-0: Called Strike
0-1: Ball
1-1: Foul Ball, location: 2F
1-2: Strikes out swinging
Pitching: LHP Billy Grange
Pinch Hitting: RHB Bernardo Herrera 0-0: Ball
1-0: Ball
2-0: Swinging Strike
2-1: Called Strike
2-2: Ball
3-2: Strikes out swinging
Bottom of the 8th over - 0 runs, 1 hit, 0 errors, 2 left on base; Greenville 7 - Montana 5
TOP OF THE 9TH
Greenville 84s batting - Pitching for Montana Pandas : RHP Ieyoshi Asai
Now at 2B: Bernardo Herrera
Now in CF: Jorge Alou
Batting: RHB Edgar Baeza 0-0: Ball
1-0: Ground out 5-3 (Groundball, 56)
Batting: RHB Doug Allerdale 0-0: Ball
1-0: Foul Ball, location: 2F
1-1: Foul Ball, location: 2F
1-2: Ball
2-2: Strikes out looking
Batting: LHB Kanko Umaba 0-0: Ball
1-0: Foul Ball, location: 2F
1-1: Foul Ball, location: 2F
1-2: Strikes out swinging
Top of the 9th over - 0 runs, 0 hits, 0 errors, 0 left on base; Greenville 7 - Montana 5
BOTTOM OF THE 9TH
Montana Pandas batting - Pitching for Greenville 84s : LHP Billy Grange
Pitching: RHP Greyfriars Bobby
Batting: SHB Tsing Guao 0-0: Swinging Strike
0-1: Ball
1-1: Foul Ball, location: 2F
1-2: Ball
2-2: Ball
3-2: Strikes out swinging
Batting: RHB Juanito González 0-0: Called Strike
0-1: Ball
1-1: Swinging Strike
1-2: Ball
2-2: Strikes out swinging
Batting: RHB Juan Jose Ayala 0-0: Ball
1-0: Fly out, F8 (Line Drive, 8RM)
Bottom of the 9th over - 0 runs, 0 hits, 0 errors, 0 left on base; Greenville 7 - Montana 5
Friday, March 29th, 2019 - OOTP Baseball 18.8 Build 76